 Dungeon Crawl Stone Soup version 0.25.0-11-g1f837a76a1 (webtiles) character file.

Game seed: 5001387559243648313

281 Delamore the Cudgeler (level 6, 0/55 HPs)
             Began as a Gargoyle Fighter on June 24, 2020.
             Killed by divine providence
             ... invoked by an orc priest
              (13 damage)
             ... on level 3 of the Dungeon.
             The game lasted 00:02:57 (2818 turns).

Delamore the Cudgeler (Gargoyle Fighter)            Turns: 2818, Time: 00:02:58

Health: 0/55       AC: 23    Str: 21    XL:     6   Next: 27%
Magic:  6/6        EV:  2    Int:  9    God:
Gold:   94         SH:  9    Dex:  9    Spells: 5/5 levels left

rFire    . . .     SeeInvis .   a - +0 flail
rCold    . . .     Gourm    .   c - +0 kite shield
rNeg     + + +     Faith    .   (armour currently unavailable)
rPois    ∞         Spirit   .   (helmet currently unavailable)
rElec    .         Reflect  .   (cloak currently unavailable)
rCorr    .         Harm     .   (gloves currently unavailable)
MR       .....     NoTele   +   (boots currently unavailable)
Stlth    +.........             (no amulet)
HPRegen  0.18/turn              (no ring)
MPRegen  0.10/turn              (no ring)

@: tree-form (expiring), very slightly contaminated, slowed, very slow
A: negative energy resistance 1, petrification resistance, rot immunity, AC +4
a: no special abilities


You were on level 3 of the Dungeon.
You were near starving.
You were a tree.
You visited 1 branch of the dungeon, and saw 3 of its levels.

You collected 94 gold pieces.

Inventory:

Hand Weapons
 a - a +0 flail (weapon)
Missiles
 r - 16 poisoned darts (quivered)
Armour
 b - a +0 scale mail (melded)
 c - a +0 kite shield (worn)
 q - a +0 helmet (melded)
Jewellery
 h - a +6 ring of dexterity {unknown}
Scrolls
 j - 2 scrolls of fear {unknown}
 k - 3 scrolls of identify {unknown}
 l - 2 scrolls of random uselessness {unknown}
 n - a scroll of remove curse {unknown}
 t - a scroll of enchant armour {unknown}
 u - 2 scrolls of teleportation {unknown}
Potions
 d - a potion of might
 e - a potion of flight {unknown}
 g - a potion of heal wounds {unknown}
 i - a potion of resistance
 m - a potion of brilliance {unknown}
Comestibles
 f - 3 rations


   Skills:
 - Level 3.2 Fighting
 + Level 6.4 Maces & Flails
 - Level 3.2 Armour
 - Level 3.2 Shields


You had 5 spell levels left.
You didn't know any spells.
Your spell library was empty.

Dungeon Overview and Level Annotations

Branches:
Dungeon (3/15)

Altars:
Uskayaw
Zin

Portals:
Sewer: D:3


Innate Abilities, Weirdness & Mutations

You are resistant to torment.
((Your stone body is resilient. (AC +4)))
You are immune to poison.
You resist negative energy. (rN+)
((You are resistant to electric shocks. (rElec)))
((You can survive without breathing.))
You are immune to petrification.
You are immune to rotting.


Message History

The orc wizard hits you but does no damage.
You hit the orc wizard.
You kill the orc wizard!
You flicker back into view.
Your resistance to elements expires.
The orc priest looks encouraged for a moment.
You hit the orc priest.
The orc priest is moderately wounded.
You block the orc priest's attack.
You hit the orc priest but do no damage.
The orc priest is moderately wounded.
Your transformation is almost over.
The orc priest invokes the aid of Beogh against you.
Beogh smites you!
* * * LOW HITPOINT WARNING * * *
You block the orc priest's attack.
You closely miss the orc priest.
The orc priest is moderately wounded.
The orc priest invokes the aid of Beogh against you.
Beogh smites you!
You die...

#.#.#...#.#
#.#.#...#.#
#..........
#....#....#
#....###..#
#..#.# ..# #
#..#.# .#.#
#.#..#.###...#
#.....(o♣)..#
####.#(#####.#
#.†.#.#
≈≈....#.#
#≈≈≈...#..
#≈≈≈≈..###
#≈≈≈≈..#
#∩≈≈≈...
########


You could see an orc priest.

Vanquished Creatures
  A centaur zombie (D:2)
  2 orc wizards (D:3)
  Jessica (D:2)
  Robin (D:2)
  4 gnolls
  3 adders
  2 river rats (D:3)
  An ooze (D:2)
  A worm (D:3)
  3 dart slugs (D:1)
  2 leopard geckos
  An orc (D:3)
  4 giant cockroaches
  8 goblins
  7 hobgoblins
  5 jackals
  6 bats
  5 frilled lizards
  6 kobolds
  2 rats (D:1)
65 creatures vanquished.

Vanquished Creatures (others)
  A hobgoblin (D:3)
1 creature vanquished.

Grand Total: 66 creatures vanquished

Notes
Turn   | Place    | Note
-------+----------+-------------------------------------------
     0 | D:1      | Delamore the Gargoyle Fighter began the quest for the Orb.
     0 | D:1      | Reached XP level 1. HP: 14/14 MP: 1/1
   100 | D:1      | Reached XP level 2. HP: 9/19 MP: 2/2
   351 | D:1      | Reached skill level 3 in Maces & Flails
   491 | D:1      | Reached XP level 3. HP: 23/23 MP: 3/3
   918 | D:2      | Reached skill level 4 in Maces & Flails
   945 | D:2      | Reached XP level 4. HP: 20/28 MP: 4/4
  1086 | D:2      | Found a hide-covered altar of Uskayaw.
  1092 | D:2      | Noticed a +0 dagger
  1093 | D:2      | Noticed a +0 dagger
  1101 | D:2      | Noticed Robin
  1117 | D:2      | Killed Robin
  1406 | D:2      | Noticed Jessica
  1412 | D:2      | Killed Jessica
  1618 | D:2      | Reached skill level 5 in Maces & Flails
  1660 | D:2      | Reached XP level 5. HP: 24/32 MP: 5/5
  2568 | D:3      | Found a glowing silver altar of Zin.
  2756 | D:3      | Found a glowing drain.
  2783 | D:3      | Reached skill level 6 in Maces & Flails
  2783 | D:3      | Reached XP level 6. HP: 21/37 MP: 6/6
  2818 | D:3      | Killed from afar by an orc priest

Illustrated notes

Levels and vault maps discovered:
D:1:      minmay_arrival_shattered_statue, layout_loops_cross
D:2:      layout_loops_ring, dancing_weapons_uskayaw,
          chequers_serial_rivers_large_a, uniq_jessica, uniq_robin
D:3:      layout_loops_ring, zin_scriptorium, first_ration,
          portal_sewer_entry_b, lemuel_flame_loot_1

Skill      XL: |  1  2  3  4  5 |
---------------+----------------+-----
Maces & Flails | 3 4 5 6 |  6.4
Fighting       | |  3.2
Armour         | |  3.2
Shields        | |  3.2

Action                   |  1- 3 |  4- 6 || total
-------------------------+-------+-------++-------
Melee: Flail             |   119 |   171 ||   290
  Use: Potion            |       |     4 ||     4
 Stab: Invisible         |       |     2 ||     2
  Eat: Chunk             |       |     5 ||     5
Armor: Scale mail        |    75 |   127 ||   202
       Skin              |       |    19 ||    19
Dodge: Dodged            |    36 |    68 ||   104
Block: Kite shield       |    69 |   103 ||   172
